 Dungeon Crawl Stone Soup version 0.31.0-9-g3a7656b989 (webtiles) character file.

Game seed: 9273077262818451698

98 zazu2006 the Protected (level 4, -2/34 HPs)
             Began as a Gnoll Wanderer on Jan 24, 2024.
             Killed from afar by an orc wizard (8 damage)
             ... with a puff of flame
             ... on level 3 of the Dungeon.
             The game lasted 00:04:01 (2682 turns).

zazu2006 the Protected (Gnoll Wanderer)             Turns: 2682, Time: 00:04:02

Health: -2/34      AC:  6    Str: 16    XL:     4   Next: 71%
Magic:  5/5        EV: 11    Int: 10    God:
Gold:   147        SH:  0    Dex: 10    Spells: 3/5 levels left

rFire   . . .        a - +2 dagger
rCold   . . .        (no shield)
rNeg    . . .        d - +0 ring mail
rPois   +            (no helmet)
rElec   .            (no cloak)
rCorr   .            (no gloves)
SInv    .            (no boots)
Will    .....        (no amulet)
Stlth   ++           h - ring of poison resistance
HPRegen 0.25/turn    (no ring)
MPRegen 0.09/turn

%: no passive effects
@: no status effects
A: fangs 1, strong nose, distributed training
a: no special abilities


You were on level 3 of the Dungeon.
You visited 1 branch of the dungeon, and saw 4 of its levels.

You collected 147 gold pieces.

Inventory:

Hand Weapons
 a - a +2 dagger (weapon)
 c - a +0 spear
Missiles
 n - 3 poisoned darts (quivered)
Armour
 d - a +0 ring mail (worn)
Jewellery
 h - a ring of poison resistance (left hand)
Scrolls
 b - a scroll of fear
 e - 2 scrolls of teleportation
 g - a scroll of brand weapon {unknown}
 m - a scroll of enchant weapon {unknown}
 q - a scroll of blinking {unknown}
 r - a scroll of poison {unknown}
 s - a scroll of vulnerability {unknown}
Potions
 f - 3 potions of mutation {unknown}
 i - a potion of enlightenment {unknown}
 j - a potion of ambrosia {unknown}
 k - 2 potions of lignification {unknown}
 l - 2 potions of haste {unknown}
 o - a potion of invisibility {unknown}
 p - a potion of heal wounds {unknown}


   Skills:
 + Level 2.8 Fighting
 + Level 1.2 Short Blades
 + Level 1.2 Long Blades
 + Level 1.2 Axes
 + Level 1.2 Maces & Flails
 + Level 2.8 Polearms
 + Level 1.2 Staves
 + Level 1.2 Ranged Weapons
 + Level 1.2 Throwing
 + Level 8.6 Armour
 + Level 2.8 Dodging
 + Level 6.1 Stealth
 + Level 1.2 Shields
 + Level 1.2 Unarmed Combat
 + Level 1.2 Spellcasting
 + Level 1.0 Conjurations
 + Level 1.0 Hexes
 + Level 1.0 Summonings
 + Level 1.0 Necromancy
 + Level 1.0 Translocations
 + Level 1.0 Fire Magic
 + Level 1.0 Ice Magic
 + Level 1.0 Air Magic
 + Level 1.0 Earth Magic
 + Level 1.0 Alchemy
 + Level 1.4 Invocations
 + Level 1.2 Evocations
 + Level 1.1 Shapeshifting


You had 3 spell levels left.
You knew the following spells:

 Your Spells              Type           Power      Damage    Failure   Level
a - Blink                 Tloc           4%         N/A       50%         2

Your spell library contained the following spells:

 Spells                   Type           Power      Damage    Failure   Level
 Lesser Beckoning         Tloc           4%         N/A       50%         2
 Momentum Strike          Conj/Tloc      4%         3d8       50%         2
 Gell's Gravitas          Tloc           2%         N/A       73%         3
 Teleport Other           Tloc           2%         N/A       73%         3


Dungeon Overview and Level Annotations

Branches:
Dungeon (4/15)
 Temple: D:4-7

Altars:


Innate Abilities, Weirdness & Mutations

You have very sharp teeth.
Your uncanny sense of smell can sniff out nearby items.
Your experience applies equally to all skills.


Message History

You completely miss the orc wizard.
The orc wizard is moderately wounded.
The orc wizard hits you with a +0 dagger.
You hit the orc wizard.
The orc wizard is heavily wounded.
The orc wizard barely misses you.
You hit the orc wizard but do no damage.
The orc wizard is heavily wounded.
The orc wizard hits you with a +0 dagger.
You hit the orc wizard.
The orc wizard is severely wounded.
The orc wizard hits you with a +0 dagger.
You hit the orc wizard.
The orc wizard is almost dead.
The orc wizard hits you with a +0 dagger.
* * * LOW HITPOINT WARNING * * *
You hit the orc wizard but do no damage.
The orc wizard is almost dead.
You hit the orc wizard but do no damage.
Your punch misses the orc wizard.
The orc wizard is almost dead.
The orc wizard completely misses you.
You hit the orc wizard but do no damage.
You bite the orc wizard, but do no damage.
The orc wizard is almost dead.
The orc wizard hits you but does no damage.
You barely miss the orc wizard. Your bite misses the orc wizard.
The orc wizard is almost dead.
The orc wizard hits you with a +0 dagger.
* * * LOW HITPOINT WARNING * * *
You closely miss the orc wizard.
The orc wizard is almost dead.
The orc wizard gestures at you while chanting.
The magic dart hits you.
* * * LOW HITPOINT WARNING * * *
You hit the orc wizard but do no damage.
The orc wizard is almost dead.
The orc wizard gestures at you while chanting.
The puff of flame hits you!
You die...

#..##..# #♣♣
##.##..## ##♣♣.
#.###..## #...P
#.###...#### #.♣♣.
#...#......## #.#♣♣
###.##.###..####....
#.##.####.#......#
#.##..# #.#.######
#@###.# #..)###
###o.##.####....#
###........#...##.##
#.P.....♣.P#.####..##
♣P♣♣♣P♣♣♣..P.# ##..##
#.. ♣♣♣♣♣♣.P.# #....


#P.PPP♣PP.P[# #.P♣P #.P.♣.P...# ##P♣. ###.......#####.... You could see an orc
wizard.

Vanquished Creatures
  3 adders (D:2)
  2 dart slugs
  2 ribbon worms
  3 ball pythons
  8 endoplasms
  2 giant cockroaches
  5 goblins
  7 hobgoblins
  2 jackals (D:2)
  9 kobolds
  4 quokkas
  6 bats
  2 frilled lizards (D:1)
  3 rats (D:2)
58 creatures vanquished.

Notes
Turn   | Place    | Note
-------+----------+-------------------------------------------
     0 | D:1      | zazu2006 the Gnoll Wanderer began the quest for the Orb.
     0 | D:1      | zazu2006 set off with the following items: a +2 dagger, a
                  | scroll of fear, a +0 spear, a +0 ring mail, a scroll of
                  | teleportation.
     0 | D:1      | Reached XP level 1. HP: 17/17 MP: 1/1
   139 | D:1      | Reached XP level 2. HP: 23/23 MP: 2/2
   419 | D:1      | Reached XP level 3. HP: 27/28 MP: 3/3
   913 | D:2      | Reached skill level 1 in Invocations
   997 | D:2      | Reached skill level 1 in Short Blades
   997 | D:2      | Reached skill level 1 in Long Blades
   997 | D:2      | Reached skill level 1 in Axes
   997 | D:2      | Reached skill level 1 in Maces & Flails
   997 | D:2      | Reached skill level 1 in Staves
   997 | D:2      | Reached skill level 1 in Ranged Weapons
   997 | D:2      | Reached skill level 1 in Throwing
   997 | D:2      | Reached skill level 1 in Shields
   997 | D:2      | Reached skill level 1 in Unarmed Combat
   997 | D:2      | Reached skill level 1 in Spellcasting
   997 | D:2      | Reached skill level 1 in Evocations
  1139 | D:2      | Reached skill level 1 in Shapeshifting
  1139 | D:2      | Reached XP level 4. HP: 30/34 MP: 5/5
  1327 | D:2      | Learned a level 2 spell: Blink
  1666 | D:2      | Reached skill level 1 in Conjurations
  1666 | D:2      | Reached skill level 1 in Hexes
  1666 | D:2      | Reached skill level 1 in Summonings
  1666 | D:2      | Reached skill level 1 in Necromancy
  1666 | D:2      | Reached skill level 1 in Translocations
  1666 | D:2      | Reached skill level 1 in Fire Magic
  1666 | D:2      | Reached skill level 1 in Ice Magic
  1666 | D:2      | Reached skill level 1 in Air Magic
  1666 | D:2      | Reached skill level 1 in Earth Magic
  1666 | D:2      | Reached skill level 1 in Alchemy
  2682 | D:3      | Killed from afar by an orc wizard

Illustrated notes

Levels and vault maps discovered:
D:1:      saegor_arrival_simple_e, layout_basic
D:2:      layout_loops_corners
D:3:      layout_rooms, serial_forest, infiniplex_forest_clump_tiny,
          infiniplex_forest_lined_room_3, infiniplex_forest_lined_room_2,
          infiniplex_forest_end_1, infiniplex_forest_clump_small,
          infiniplex_forest_lined_ring, infiniplex_forest_clump_long,
          infiniplex_forest_end_1
D:4:      layout_basic, minmay_temple_entry_enclosed_plants

Skill      XL: |  1  2  3  4 |
---------------+-------------+-----
Stealth        | 6 |  6.1
Invocations    | 1 |  1.4
Short Blades   | 1 |  1.2
Long Blades    | 1 |  1.2
Axes           | 1 |  1.2
Maces & Flails | 1 |  1.2
Staves         | 1 |  1.2
Ranged Weapons | 1 |  1.2
Throwing       | 1 |  1.2
Shields        | 1 |  1.2
Unarmed Combat | 1 |  1.2
Spellcasting   | 1 |  1.2
Evocations     | 1 |  1.2
Shapeshifting  | 1 |  1.1
Conjurations   | 1 |  1.0
Hexes          | 1 |  1.0
Summonings     | 1 |  1.0
Necromancy     | 1 |  1.0
Translocations | 1 |  1.0
Fire Magic     | 1 |  1.0
Ice Magic      | 1 |  1.0
Air Magic      | 1 |  1.0
Earth Magic    | 1 |  1.0
Alchemy        | 1 |  1.0
Fighting       | |  2.8
Polearms       | |  2.8
Armour         | |  8.6
Dodging        | |  2.8

Action                     |  1- 3 |  4- 6 || total
---------------------------+-------+-------++-------
  Melee: Dagger            |   103 |   145 ||   248
         Bite              |    10 |    15 ||    25
         Punch             |     1 |     4 ||     5
   Stab: Sleeping          |     5 |     1 ||     6
 Armour: Ring mail         |    56 |    93 ||   149
  Dodge: Dodged            |    58 |    63 ||   121
